 Dungeon Crawl Stone Soup version 0.19.0-9-gfd783f2 (webtiles) character file.

81 Andry07 the Skirmisher (level 4, 0/39 HPs)
             Began as a Merfolk Skald on Nov 7, 2016.
             Was an Initiate of Ashenzari.
             Slain by a rat (1 damage)
             ... on level 2 of the Dungeon.
             The game lasted 00:02:31 (1497 turns).

Andry07 the Skirmisher (Merfolk Skald)              Turns: 1497, Time: 00:02:31

Health: 0/39       AC:  4    Str: 13    XL:     4   Next: 40%
Magic:  7/7        EV: 11    Int: 11    God:    Ashenzari [......]
Gold:   80         SH:  0    Dex: 13    Spells: 1 memorised, 6 levels left

rFire  . . .     SeeInvis .     n - -2 dagger (curse)
rCold  . . .     Gourm    .     b - +0 leather armour
rNeg   . . .     Faith    .     (no shield)
rPois  .         Spirit   .     (no helmet)
rElec  .         Reflect  .     (no cloak)
rCorr  .         Harm     .     i - +0 pair of gloves
MR     .....                    (no boots)
Stlth  +.........               (no amulet)
                                (no ring)
                                (no ring)

@: no status effects
A: change form in water, swift swim, stealthy swim
a: Curse Item, Renounce Religion


You were on level 2 of the Dungeon.
You worshipped Ashenzari.
Ashenzari was noncommittal.
You were very hungry.

You visited 1 branch of the dungeon, and saw 2 of its levels.

You collected 80 gold pieces.

Inventory:

Hand Weapons
 a - a +0 falchion
 k - a +0 hand axe of venom
 n - a cursed -2 dagger (weapon)
Armour
 b - a +0 leather armour (worn)
 i - a +0 pair of gloves (worn)
Scrolls
 l - a scroll of recharging {unknown}
 m - a scroll of identify {unknown}
 o - a scroll of teleportation {unknown}
 p - a scroll of immolation {unknown}
Potions
 e - a potion of might {unknown}
 g - a potion of lignification {unknown}
 h - 2 potions of resistance {unknown}
 j - a potion of ambrosia {unknown}
Books
 c - a book of Battle

   Spells                             Type                      Level
   a - Infusion                       Charms                       1
   b - Shroud of Golubria             Charms/Translocation         2
   c - Song of Slaying                Charms                       2
   d - Spectral Weapon                Hexes/Charms                 3
   e - Regeneration                   Charms/Necromancy            3
Comestibles
 d - a bread ration
 f - a slice of pizza
 q - 2 beef jerkies


   Skills:
 + Level 5.0 Fighting
 - Level 2.1 Long Blades
 - Level 0.6 Armour
 - Level 1.3 Dodging
 - Level 2.0 Spellcasting
 - Level 3.2 Charms


You had 6 spell levels left.
You knew the following spells:

 Your Spells              Type           Power        Failure   Level  Hunger
a - Infusion              Chrm           #...         12%         1    ##.....


Dungeon Overview and Level Annotations

Branches:
Dungeon (2/15)

Altars:
Ashenzari


Message History

The hobgoblin barely misses you. The rat closely misses you.
You hit the hobgoblin but do no damage.
The hobgoblin is almost dead.
The hobgoblin hits you but does no damage.
You hit the hobgoblin but do no damage.
The hobgoblin is almost dead.
The rat bites you.
* * * LOW HITPOINT WARNING * * *
The hobgoblin hits you but does no damage.
You hit the hobgoblin but do no damage.
The hobgoblin is almost dead.
The rat bites you but does no damage. The hobgoblin hits you.
* * * LOW HITPOINT WARNING * * *
You hit the hobgoblin but do no damage.
The hobgoblin is almost dead.
The rat bites you but does no damage. The hobgoblin closely misses you.
You hit the hobgoblin but do no damage.
The hobgoblin is almost dead.
The rat bites you.
You die...

###..###.##..#.#.###
#..#.......#.#.###
#..###.....#.#.##.
####..........#.#.##.
#....####.....#.#.##.
##.#..........#...##.
#.#.###..(........'.
#.#g#........#.####.
#.#@....#..#.#.####.
#.#r.......#.#......
#..........).#######
#########)###### #
#......#####
#......+....
#......#####
#.........##
#.........##


You could see a hobgoblin and a rat.

Vanquished Creatures
  Jessica (D:2)
  An adder (D:2)
  A worm (D:2)
  A dart slug (D:1)
  3 leopard geckos
  3 bats (D:1)
  A giant cockroach (D:1)
  10 goblins
  4 hobgoblins (D:1)
  4 kobolds (D:1)
  3 frilled lizards (D:1)
  3 rats (D:1)
35 creatures vanquished.

Notes
Turn   | Place    | Note
-------+----------+-------------------------------------------
     0 | D:1      | Andry07 the Merfolk Skald began the quest for the Orb.
     0 | D:1      | Reached XP level 1. HP: 16/16 MP: 3/3
    49 | D:1      | Reached XP level 2. HP: 21/23 MP: 5/5
    50 | D:1      | Reached skill level 3 in Fighting
    55 | D:1      | Found a shattered altar of Ashenzari.
   100 | D:1      | Became a worshipper of Ashenzari the Shackled
   381 | D:1      | Reached XP level 3. HP: 26/30 MP: 6/6
   553 | D:1      | Reached skill level 4 in Fighting
   821 | D:2      | Noticed Jessica
   831 | D:2      | Killed Jessica
   831 | D:2      | Reached XP level 4. HP: 15/38 MP: 4/7
  1129 | D:2      | Reached skill level 5 in Fighting
  1495 | D:2      | HP: 1/39 [hobgoblin (1)]
  1497 | D:2      | Slain by a rat

Skill      XL: |  1  2  3  4 |
---------------+-------------+-----
Fighting       | 3 4 5 |  5.0
Long Blades    | |  2.1
Armour         | |  0.6
Dodging        | |  1.3
Spellcasting   | |  2.0
Charms         | |  3.2

Action                   |  1- 3 |  4- 6 || total
-------------------------+-------+-------++-------
Melee: Falchion          |   103 |       ||   103
       Dagger            |       |    69 ||    69
 Cast: Infusion          |     1 |       ||     1
  Eat: Chunk             |       |     1 ||     1
Armor: Leather armour    |    27 |    37 ||    64
Dodge: Dodged            |    68 |    66 ||   134
       Rpst.: Falchion   |    21 |       ||    21
